TOP OF THE 1ST |
Mobile BayBears batting - Pitching for San Antonio Missions : RHP Bill Jacobs
|
Pitching: RHP Bill Jacobs
|
|
Batting: LHB Koson Hirai
|
0-0: Called Strike 0-1: Called Strike 0-2: Strikes out looking
|
Batting: SHB Ed Vargas
|
0-0: Ball 1-0: Called Strike 1-1: Called Strike 1-2: Ball 2-2: Ground out 4-3 (Groundball, 4, EV 82.5 MPH)
|
Batting: LHB Soo-yeon Kym
|
0-0: Ball 1-0: Foul Ball, location: 2F 1-1: Ball 2-1: Ball 3-1: Fly out, F7 (Flyball, 7D, EV 101.2 MPH)
|
Top of the 1st over - 0 runs, 0 hits, 0 errors, 0 left on base; Mobile 0 - San Antonio 0 |
BOTTOM OF THE 1ST |
San Antonio Missions batting - Pitching for Mobile BayBears : LHP David Legg
|
Pitching: LHP David Legg
|
|
Batting: RHB Dave McBain
|
0-0: Called Strike 0-1: Fly out, F9 (Flyball, 9, EV 87.5 MPH)
|
Batting: RHB Mike Maserang
|
0-0: Ball 1-0: Foul Ball, location: 2F 1-1: Foul Ball, location: 2F 1-2: Ball 2-2: SINGLE (Groundball, 56D, EV 101.2 MPH)
|
Batting: RHB John Freeman
|
0-0: Ball 1-0: Called Strike 1-1: Ball 2-1: Foul Ball, location: 2F 2-2: SINGLE (Groundball, 56S, EV 68.1 MPH) (infield hit) Mike Maserang to second
|
Batting: RHB Adrian Martinelli
|
0-0: 3-RUN HOME RUN (Flyball, 7D, EV 94.4 MPH), Distance : 355 ft
|
Batting: LHB Matt Patnaude
|
0-0: Called Strike 0-1: Called Strike 0-2: Ball 1-2: Ball 2-2: Strikes out swinging
|
Batting: RHB Jaden Scott
|
0-0: Called Strike 0-1: Ground out 3-1 (Groundball, 34, EV 88.1 MPH)
|
Bottom of the 1st over - 3 runs, 3 hits, 0 errors, 0 left on base; Mobile 0 - San Antonio 3 |
TOP OF THE 2ND |
Mobile BayBears batting - Pitching for San Antonio Missions : RHP Bill Jacobs
|
Batting: RHB Josh Burrows
|
0-0: Foul Ball, location: 2F 0-1: Ground out 6-3 (Groundball, 56, EV 104.4 MPH)
|
Batting: RHB Chris Bittner
|
0-0: Fly out, F7 (Flyball, 78S, EV 91.9 MPH)
|
Batting: RHB Will Washburn
|
0-0: Ball 1-0: Foul Ball, location: 2F 1-1: Ball 2-1: SOLO HOME RUN (Flyball, 7LD, EV 96.9 MPH), Distance : 340 ft
|
Batting: RHB Paul Schreiber
|
0-0: Called Strike 0-1: Ball 1-1: Swinging Strike 1-2: Fly out, F7 (Flyball, 7, EV 88.8 MPH)
|
Top of the 2nd over - 1 run, 1 hit, 0 errors, 0 left on base; Mobile 1 - San Antonio 3 |
BOTTOM OF THE 2ND |
San Antonio Missions batting - Pitching for Mobile BayBears : LHP David Legg
|
Batting: RHB Joe Weissman
|
0-0: Foul Ball, location: 2F 0-1: Ball 1-1: Ball 2-1: Ball 3-1: Called Strike 3-2: Strikes out looking
|
Batting: LHB Teko van de Sande
|
0-0: Called Strike 0-1: Foul Ball, location: 2F 0-2: Strikes out swinging
|
Batting: LHB Josh Slusarczyk
|
0-0: Ball 1-0: Called Strike 1-1: Foul Ball, location: 2F 1-2: Fly out, F5 (Popup, 5SF, EV 86.9 MPH)
|
Bottom of the 2nd over - 0 runs, 0 hits, 0 errors, 0 left on base; Mobile 1 - San Antonio 3 |
TOP OF THE 3RD |
Mobile BayBears batting - Pitching for San Antonio Missions : RHP Bill Jacobs
|
Batting: RHB Jeremy Adams
|
0-0: Ball 1-0: Ground out 5-3 (Groundball, 5, EV 101.2 MPH)
|
Batting: RHB Curt Barrett
|
0-0: Called Strike 0-1: Fly out, F8 (Flyball, 8RD, EV 82.5 MPH)
|
Batting: LHB Koson Hirai
|
0-0: SINGLE (Groundball, 6D, EV 108.1 MPH)
|
Batting: SHB Ed Vargas
|
0-0: Ball 1-0: Ball 2-0: Called Strike 2-1: Called Strike 2-2: Foul Ball, location: 2F 2-2: Foul Ball, location: 2F 2-2: Strikes out swinging
|
Top of the 3rd over - 0 runs, 1 hit, 0 errors, 1 left on base; Mobile 1 - San Antonio 3 |
BOTTOM OF THE 3RD |
San Antonio Missions batting - Pitching for Mobile BayBears : LHP David Legg
|
Batting: RHB Dave McBain
|
0-0: Ball 1-0: Called Strike 1-1: Foul Ball, location: 2F 1-2: Hit by Pitch
|
Batting: RHB Mike Maserang
|
0-0: Ball 1-0: Swinging Strike 1-1: Ball 2-1: Ball 3-1: Base on Balls Dave McBain to second
|
Batting: RHB John Freeman
|
0-0: Ball 1-0: Fielders Choice at 2nd, 4-6 (Groundball, 4M, EV 80.0 MPH) Dave McBain to third
|
Batting: RHB Adrian Martinelli
|
0-0: Foul Ball, location: 2F 0-1: Foul Ball, location: 2F 0-2: Ball 1-2: Foul Ball, location: 2F 1-2: Strikes out looking
|
Batting: LHB Matt Patnaude
|
0-0: Called Strike 0-1: Ground out U3 (Groundball, 3, EV 81.9 MPH)
|
Bottom of the 3rd over - 0 runs, 0 hits, 0 errors, 2 left on base; Mobile 1 - San Antonio 3 |
TOP OF THE 4TH |
Mobile BayBears batting - Pitching for San Antonio Missions : RHP Bill Jacobs
|
Batting: LHB Soo-yeon Kym
|
0-0: Called Strike 0-1: Fly out, F9 (Line Drive, 9, EV 96.9 MPH)
|
Batting: RHB Josh Burrows
|
0-0: Ball 1-0: Swinging Strike 1-1: Ball 2-1: Ground out 6-3 (Groundball, 6S, EV 70.0 MPH)
|
Batting: RHB Chris Bittner
|
0-0: Ground out 6-3 (Groundball, 6D, EV 105.6 MPH)
|
Top of the 4th over - 0 runs, 0 hits, 0 errors, 0 left on base; Mobile 1 - San Antonio 3 |
BOTTOM OF THE 4TH |
San Antonio Missions batting - Pitching for Mobile BayBears : LHP David Legg
|
Batting: RHB Jaden Scott
|
0-0: Ball 1-0: Ball 2-0: Foul Ball, location: 2F 2-1: DOUBLE (Line Drive, 7LD, EV 105.6 MPH)
|
Batting: RHB Joe Weissman
|
0-0: Ball 1-0: Ground out 6-3 (Groundball, 6, EV 96.9 MPH)
|
Batting: LHB Teko van de Sande
|
0-0: Foul Ball, location: 2F 0-1: Foul Ball, location: 2F 0-2: Ball 1-2: Foul Ball, location: 2F 1-2: Strikes out looking
|
Batting: LHB Josh Slusarczyk
|
0-0: Called Strike 0-1: Called Strike 0-2: Strikes out swinging
|
Bottom of the 4th over - 0 runs, 1 hit, 0 errors, 1 left on base; Mobile 1 - San Antonio 3 |
TOP OF THE 5TH |
Mobile BayBears batting - Pitching for San Antonio Missions : RHP Bill Jacobs
|
Batting: RHB Will Washburn
|
0-0: SINGLE (Groundball, 4MD, EV 95.6 MPH)
|
Batting: RHB Paul Schreiber
|
0-0: Foul Ball, location: 2F 0-1: Ball 1-1: Swinging Strike 1-2: Foul Ball, location: 2F 1-2: Ball 2-2: Fielders Choice at 2nd, 1-6 (Groundball, 13S, EV 73.1 MPH)
|
Batting: RHB Jeremy Adams
|
0-0: Called Strike 0-1: Called Strike 0-2: Foul Ball, location: 2F 0-2: Ball 1-2: Strikes out swinging
|
Batting: RHB Curt Barrett
|
0-0: Ball 1-0: Called Strike 1-1: Ball 2-1: Ball 3-1: Base on Balls Paul Schreiber to second
|
Batting: LHB Koson Hirai
|
0-0: Swinging Strike 0-1: Ball 1-1: Ball 2-1: Fly out, F8 (Flyball, 8RD, EV 90.6 MPH)
|
Top of the 5th over - 0 runs, 1 hit, 0 errors, 2 left on base; Mobile 1 - San Antonio 3 |
BOTTOM OF THE 5TH |
San Antonio Missions batting - Pitching for Mobile BayBears : LHP David Legg
|
Batting: RHB Dave McBain
|
0-0: Ball 1-0: Ball 2-0: Called Strike 2-1: Foul Ball, location: 2F 2-2: Foul Ball, location: 2F 2-2: Strikes out swinging
|
Batting: RHB Mike Maserang
|
0-0: Ball 1-0: Fly out, F8 (Flyball, 89M, EV 91.2 MPH)
|
Batting: RHB John Freeman
|
0-0: TRIPLE (Flyball, 9LD, EV 92.5 MPH)
|
Batting: RHB Adrian Martinelli
|
0-0: Called Strike 0-1: Foul Ball, location: 2F 0-2: Ground out 3-1 (Groundball, 34, EV 86.9 MPH)
|
Bottom of the 5th over - 0 runs, 1 hit, 0 errors, 1 left on base; Mobile 1 - San Antonio 3 |
TOP OF THE 6TH |
Mobile BayBears batting - Pitching for San Antonio Missions : RHP Bill Jacobs
|
Batting: SHB Ed Vargas
|
0-0: Ball 1-0: Called Strike 1-1: Foul Ball, location: 2F 1-2: Strikes out swinging
|
Batting: LHB Soo-yeon Kym
|
0-0: Reached via error on a dropped throw from SS, E3 (Groundball, 56, EV 88.8 MPH)
|
Batting: RHB Josh Burrows
|
0-0: Ball 1-0: Foul Ball, location: 2F 1-1: Ball 2-1: Ball Wild Pitch! Soo-yeon Kym to second 3-1: Base on Balls
|
Batting: RHB Chris Bittner
|
0-0: Ball 1-0: Foul Ball, location: 2F 1-1: Foul Ball, location: 2F 1-2: Strikes out swinging
|
Batting: RHB Will Washburn
|
0-0: Ball 1-0: Called Strike 1-1: Foul Ball, location: 2F 1-2: Ball 2-2: Ball 3-2: Foul Ball, location: 2F 3-2: Ground out 6-3 (Groundball, 6, EV 89.4 MPH)
|
Top of the 6th over - 0 runs, 0 hits, 1 error, 2 left on base; Mobile 1 - San Antonio 3 |
BOTTOM OF THE 6TH |
San Antonio Missions batting - Pitching for Mobile BayBears : LHP David Legg
|
Batting: LHB Matt Patnaude
|
0-0: SINGLE (Line Drive, 4MD, EV 105.6 MPH)
|
Batting: RHB Jaden Scott
|
0-0: Ball 1-0: Ball 2-0: Swinging Strike 2-1: Called Strike 2-2: Fly out, F7 (Flyball, 7LS, EV 75.0 MPH)
|
Batting: RHB Joe Weissman
|
0-0: Foul Ball, location: 2F 0-1: Ball 1-1: Hit by Pitch Matt Patnaude to second
|
Batting: LHB Teko van de Sande
|
0-0: Ball 1-0: SINGLE (Line Drive, 6D, EV 94.4 MPH) Matt Patnaude to third Joe Weissman to second
|
Batting: LHB Josh Slusarczyk
|
0-0: Ball 1-0: Foul Ball, location: 2F 1-1: Ball 2-1: Foul Ball, location: 2F 2-2: Foul Ball, location: 2F 2-2: Strikes out swinging
|
Batting: RHB Dave McBain
|
0-0: Called Strike 0-1: Ball 1-1: Fielders Choice at 2nd, 5-4 (Groundball, 5, EV 89.4 MPH)
|
Bottom of the 6th over - 0 runs, 2 hits, 0 errors, 3 left on base; Mobile 1 - San Antonio 3 |
TOP OF THE 7TH |
Mobile BayBears batting - Pitching for San Antonio Missions : RHP Bill Jacobs
|
Batting: RHB Paul Schreiber
|
0-0: Called Strike 0-1: Ball 1-1: Fly out, F9 (Flyball, 9S, EV 96.2 MPH)
|
Batting: RHB Jeremy Adams
|
0-0: Called Strike 0-1: Called Strike 0-2: Strikes out swinging, 2-3 out at first.
|
Batting: RHB Curt Barrett
|
0-0: Ball 1-0: Ball 2-0: Called Strike 2-1: Ball 3-1: Base on Balls
|
Batting: LHB Koson Hirai
|
0-0: Ball 1-0: Ball 2-0: Foul Ball, location: 2F 2-1: Fly out, F7 (Flyball, 7LM, EV 95.0 MPH)
|
Top of the 7th over - 0 runs, 0 hits, 0 errors, 1 left on base; Mobile 1 - San Antonio 3 |
BOTTOM OF THE 7TH |
San Antonio Missions batting - Pitching for Mobile BayBears : LHP David Legg
|
Batting: RHB Mike Maserang
|
0-0: Foul Ball, location: 2F 0-1: Ball 1-1: Ball 2-1: SINGLE (Groundball, 4MD, EV 95.6 MPH)
|
Pitching: RHP Jason Hammons
|
|
Batting: RHB John Freeman
|
0-0: Called Strike 0-1: Ball 1-1: Fielders Choice at 2nd, 5-4 (Groundball, 56, EV 104.4 MPH)
|
Batting: RHB Adrian Martinelli
|
0-0: Ball 1-0: Called Strike 1-1: Swinging Strike 1-2: Strikes out swinging
|
Batting: LHB Matt Patnaude
|
0-0: Ball John Freeman steals 2nd base 1-0: Ball 2-0: Ball 3-0: Called Strike 3-1: Called Strike 3-2: 2-RUN HOME RUN (Flyball, 9D, EV 97.5 MPH), Distance : 382 ft
|
Batting: RHB Jaden Scott
|
0-0: Ball 1-0: Foul Ball, location: 2F 1-1: SINGLE (Line Drive, 6MD, EV 98.8 MPH)
|
Batting: RHB Joe Weissman
|
0-0: Swinging Strike 0-1: Called Strike 0-2: Strikes out looking
|
Bottom of the 7th over - 2 runs, 3 hits, 0 errors, 1 left on base; Mobile 1 - San Antonio 5 |
TOP OF THE 8TH |
Mobile BayBears batting - Pitching for San Antonio Missions : RHP Bill Jacobs
|
Pitching: RHP Ethan Massey
|
|
Batting: SHB Ed Vargas
|
0-0: Foul Ball, location: 2F 0-1: Ground out U3 (Groundball, 3, EV 78.1 MPH)
|
Batting: LHB Soo-yeon Kym
|
0-0: Called Strike 0-1: Fly out, F7 (Flyball, 78M, EV 80.0 MPH)
|
Batting: RHB Josh Burrows
|
0-0: Ball 1-0: Ball 2-0: Swinging Strike 2-1: Called Strike 2-2: Ball 3-2: Foul Ball, location: 2F 3-2: Base on Balls
|
Batting: RHB Chris Bittner
|
0-0: Called Strike 0-1: Fielders Choice at 2nd, 6-4 (Groundball, 6, EV 80.0 MPH)
|
Top of the 8th over - 0 runs, 0 hits, 0 errors, 1 left on base; Mobile 1 - San Antonio 5 |
BOTTOM OF THE 8TH |
San Antonio Missions batting - Pitching for Mobile BayBears : RHP Jason Hammons
|
Pitching: LHP Jon Davis
|
|
Batting: LHB Teko van de Sande
|
0-0: Called Strike 0-1: Ground out U3 (Groundball, 34, EV 81.2 MPH)
|
Batting: LHB Josh Slusarczyk
|
0-0: Swinging Strike 0-1: Ball 1-1: Ball 2-1: Ball 3-1: Base on Balls
|
Batting: RHB Dave McBain
|
0-0: Ball 1-0: Ball 2-0: Grounds into double play, 5-4-3 (Groundball, 56S, EV 89.4 MPH)
|
Bottom of the 8th over - 0 runs, 0 hits, 0 errors, 0 left on base; Mobile 1 - San Antonio 5 |
TOP OF THE 9TH |
Mobile BayBears batting - Pitching for San Antonio Missions : RHP Ethan Massey
|
Pitching: RHP Tony Delgado
|
|
Batting: RHB Will Washburn
|
0-0: Called Strike 0-1: Ball 1-1: Ground out 3-1 (Groundball, 34, EV 98.1 MPH)
|
Batting: RHB Paul Schreiber
|
0-0: Ball 1-0: Ball 2-0: DOUBLE (Line Drive, 89D, EV 112.5 MPH)
|
Batting: RHB Jeremy Adams
|
0-0: Ball 1-0: Foul Ball, location: 2F 1-1: Foul Ball, location: 2F 1-2: Ground out 4-3 (Groundball, 4S, EV 70.6 MPH) Paul Schreiber to third
|
Batting: RHB Curt Barrett
|
0-0: Called Strike 0-1: Foul Ball, location: 2F 0-2: Fly out, F8 (Line Drive, 8RM, EV 94.4 MPH)
|
Top of the 9th over - 0 runs, 1 hit, 0 errors, 1 left on base; Mobile 1 - San Antonio 5 |
|